 Dungeon Crawl Stone Soup version 0.29-a0-284-gf9362112df (webtiles) character file.

Game seed: 238880222452885605

175 spaghetti the Changer (level 5, 0/37 HPs)
             Began as a Demonspawn Transmuter on Mar 24, 2022.
             Was a Believer of Dithmenos.
             Slain by a wight
             ... wielding a +0 war axe
              (11 damage)
             ... on level 3 of the Dungeon.
             The game lasted 00:07:14 (3631 turns).

spaghetti the Changer (Demonspawn Transmuter)       Turns: 3631, Time: 00:07:15

Health: 0/37       AC:  3    Str: 11    XL:     5   Next: 29%
Magic:  4/8        EV: 16    Int: 16    God:    Dithmenos [**....]
Gold:   215        SH:  0    Dex: 13    Spells: 2/8 levels left

rFire   . . .      SeeInvis .   s - +0 short sword {short}
rCold   . . .      Faith    .   (no shield)
rNeg    . . .      Spirit   .   a - +0 robe
rPois   .          Reflect  .   (helmet currently unavailable)
rElec   .          Harm     .   (no cloak)
rCorr   .          Rampage  .   (no gloves)
Will    .....                   (boots currently unavailable)
Stlth   ++........              (no amulet)
HPRegen 0.12/turn               e - +4 ring of evasion
MPRegen 0.11/turn               (no ring)

@: appendages, wereblooded, wreathed by umbra
A: horns 2, talons 2, ignite blood 1, sharp scales 1, demonic magic 1
a: End Transformation, Renounce Religion, Shadow Step


You were on level 3 of the Dungeon.
You worshipped Dithmenos.
Dithmenos was pleased with you.
You had temporarily grown beastly horns and talons.
You visited 1 branch of the dungeon, and saw 4 of its levels.

You collected 215 gold pieces.


Innate Abilities, Weirdness & Mutations

You have temporarily grown beastly horns and talons.
Your demonic aura sometimes causes spilled blood to erupt in flames.
You are partially covered in razor-sharp scales. (AC +1, Slay +1)
Spells you cast may paralyse adjacent enemies.


   Skills:
 - Level 1.0 Fighting
 + Level 0.7 Short Blades
 + Level 3.0 Dodging
 + Level 1.8 Stealth
 - Level 2.6 Unarmed Combat
 - Level 2.0 Spellcasting
 + Level 1.0 Necromancy
 + Level 3.2 Transmutations
 - Level 1.1 Poison Magic
 + Level 1.0 Invocations


You had 2 spell levels left.
You knew the following spells:

 Your Spells              Type           Power      Damage    Failure   Level
a - Beastly Appendage     Tmut           22%        N/A       5%          1
b - Wereblood             Tmut           11%        N/A       9%          2
c - Spider Form           Tmut/Pois      8%         N/A       26%         3

Your spell library contained the following spells:

 Spells                   Type           Power      Damage    Failure   Level
 Pain                     Necr           16%        1d4       14%         1
 Magic Dart               Conj           4%         1d3       21%         1
 Corpse Rot               Necr/Air       6%         N/A       26%         2
 Call Imp                 Summ           1%         N/A       30%         2
 Searing Ray              Conj           2%         2d4       30%         2
 Mephitic Cloud           Conj/Pois/Air  2%         N/A       47%         3
 Ice Form                 Ice/Tmut       6%         N/A       71%         4
 Dispel Undead            Necr           4%         3d7       80%         4
 Fulminant Prism          Conj/Hex       0%         3d6       90%         4
 Agony                    Necr           4%         N/A       98%         5
 Excruciating Wounds      Necr           2%         N/A       98%         5
 Death Channel            Necr           2%         N/A       100%        6

Inventory:

Hand Weapons
 c - a +0 whip {mace}
   (You found it on level 1 of the Dungeon)
 d - a +0 hunting sling {sling}
   (You found it on level 1 of the Dungeon)
 f - a +0 hunting sling {sling}
   (You found it on level 1 of the Dungeon)
 s - a +0 short sword (weapon) {short}
   (You took it off a kobold on level 1 of the Dungeon)
Missiles
 j - 5 poisoned darts {throwing}
 l - 45 stones {throwing}
Armour
 a - a +0 robe (worn)
 m - a +0 pair of boots (melded)
   (You found it on level 1 of the Dungeon)
 q - a +0 helmet
   (You found it on level 2 of the Dungeon)
Jewellery
 e - a +4 ring of evasion (left hand)
   (You found it on level 1 of the Dungeon)
Scrolls
 g - a scroll of teleportation {unknown}
 h - 2 scrolls of immolation {!r!r}
 i - a scroll of magic mapping {!r}
 n - a scroll of vulnerability {!r!r}
 o - 4 scrolls of enchant weapon
 t - 2 scrolls of fog
Potions
 b - 2 potions of lignification {!q}
 k - a potion of flight {unknown}
 p - 2 potions of curing {unknown}
 r - a potion of ambrosia {unknown}

Dungeon Overview and Level Annotations

Branches:
Dungeon (4/15)             Temple (0/1) D:4

Altars:
Dithmenos

Shops:
D:2

: ####.#### #...# ####.###
#.# #...# ##########.### #.#
####.####..)....##.... #.#
##.......#.#####.######
###.######...#.##.#.#####.#
##.......#..............##.#
.........)......##.#.##.##.#
##..............##.#.##.##.#
#...........#..@..........#
#.......#.....z######..####
#.......##......>z###..###
####.######..####........#
#.# #.##.........#.## #.#
#.##.##..##.....# #.#
#........#####..# #.#
##.....#........# #.#
#.....########.#


You could see a wight.


Message History

Your transformation is almost over. 😨 MP[+1] 😨 HP[+1]
Your horns disappear.
Your talons disappear.
Your +0 pair of boots unmelds from your body.
Your primal bloodlust is almost over. 😨 MP[+1] 😨 HP[+1]
Your primal bloodlust has ended.
There is a stone staircase leading up here.
You climb upwards.
There is a stone staircase leading down here.
Unknown command.
You start resting. 😨 MP[+1]
Your mp is fully restored (7).
You start resting. 😎 HP[+16]
Your hp is fully restored (30).
You climb downwards.
There is a stone staircase leading up here.
The wight misses you. The wight closely misses you.
You climb upwards.
There is a stone staircase leading down here.
Casting: Wereblood (safe; 9% risk of failure)
Confirm with . or Enter, or press ? or * to list all spells.
You grow a pair of large bovine horns.
Your feet morph into talons.
Your +0 pair of boots melds into your body.
The wight hits you with a +2 mace of freezing!
The wight freezes you. 😮 HP[-11] MP[-1]
You take 11 damage, and now have 19/30 hp.
MASSIVE DAMAGE!! (PAUSE)
You lost 1 mp, and now have 6/7 mp.
You are too injured to fight recklessly!
You are too injured to fight recklessly!
You are too injured to fight recklessly!
You are too injured to fight recklessly!
You are too injured to fight recklessly!
You are too injured to fight recklessly!
You are too injured to fight recklessly!
You are too injured to fight recklessly!
You are too injured to fight recklessly!
You are too injured to fight recklessly!
You are too injured to fight recklessly!
You are too injured to fight recklessly!
You are too injured to fight recklessly!
You are too injured to fight recklessly!
You are too injured to fight recklessly!
You are too injured to fight recklessly!
You are too injured to fight recklessly!
You are too injured to fight recklessly!
You are too injured to fight recklessly!
You are too injured to fight recklessly!
You are too injured to fight recklessly!
You are too injured to fight recklessly!
You are too injured to fight recklessly!
You hit the wight. You claw the wight, but do no damage.
Your punch misses the wight. The wight closely misses you.
You hit the wight but do no damage. The wight barely misses you.
You hit the wight. You claw the wight, but do no damage.
The wight misses you. 😮 HP[+1]
You hit the wight.
The wight hits you with a +2 mace of freezing!
* * * LOW HITPOINT WARNING * * *
You feel drained.
* * * LOW HITPOINT WARNING * * *
The wight freezes you.
* * * LOW HITPOINT WARNING * * *
😨 HP[-11]
You now have 29 max hp (-1).
You take 11 damage, and now have 9/29 hp.
MASSIVE DAMAGE!! (PAUSE)
You hit the wight. Your headbutt misses the wight.
The wight is engulfed in blazing flames.
You destroy the wight!
Dithmenos accepts your kill.
Your life force feels restored.
Your Dodging skill increases to level 3!
Your Necromancy skill increases to level 1!
Your Invocations skill increases to level 1!
You have reached level 5!
Your demonic ancestry asserts itself...
A menacing aura infuses your magic. 😨 HP[+1]
You now have 37 max hp (+8).
You start resting.
A wight is nearby! 😨 HP[+1] MP[+1]
Casting: Beastly Appendage (safe; 5% risk of failure)
Confirm with . or Enter, or press ? or * to list all spells.
You extend your transformation's duration.
Malevolent energies surge around you.
The wight completely misses you. 😨 MP[-1]
You lost 1 mp, and now have 6/8 mp.
Casting: Beastly Appendage (safe; 5% risk of failure)
Confirm with . or Enter, or press ? or * to list all spells.
Your blood is infused with primal strength.
Malevolent energies surge around you. The wight hits you with a +0 war axe!
You die...

Skill      XL: |  1  2  3  4 |
---------------+-------------+-----
Transmutations | 2 3 |  3.2
Dodging        | 2 3 |  3.0
Stealth        | 1 |  1.8
Poison Magic   | 1 |  1.1
Necromancy     | 1 |  1.0
Invocations    | 1 |  1.0
Fighting       | |  1.0
Short Blades   | |  0.7
Unarmed Combat | |  2.6
Spellcasting   | |  2.0

Action                   |  1- 3 |  4- 6 || total
-------------------------+-------+-------++-------
Melee: Unarmed           |    21 |     2 ||    23
       Headbutt          |    13 |     4 ||    17
       Kick              |    13 |     9 ||    22
       Short sword       |    80 |    58 ||   138
       Punch             |     2 |     1 ||     3
 Cast: Beastly Appendage |    19 |    14 ||    33
       Wereblood         |     8 |    16 ||    24
       Spider Form       |       |     1 ||     1
  Use: Potion            |     1 |       ||     1
       Scroll            |       |     5 ||     5
Armor: Robe              |    18 |    12 ||    30
Dodge: Dodged            |   107 |    74 ||   181

Levels and vault maps discovered:
D:1:      nicolae_arrival_washed_ashore, layout_loops_ring,
          dreamdust_ecumenical_altar_hidden_monk_grotto, serial_forest,
          infiniplex_forest_straight_4, infiniplex_forest_clump_diagonal,
          infiniplex_forest_clump_diagonal, infiniplex_forest_end_2,
          infiniplex_forest_lined_2, infiniplex_forest_lined_room_,
          infiniplex_forest_straight_4, infiniplex_forest_clump_small,
          infiniplex_forest_lined_3_way
D:2:      layout_basic, serial_shops, nicolae_shop_trees, minmay_misc_feat_iff,
          nicolae_elevator_lobby_asterisk
D:3:      layout_loops_cross, kennysheep_generic_room_13
D:4:      layout_basic, mainiacjoe_overflow_alcove_1,
          nicolae_dithmenos_shadow_blocks, minmay_temple_entry_stoned_glass,
          uniq_crazy_yiuf_cottage

Notes
Turn   | Place    | Note
-------+----------+-------------------------------------------
     0 | D:1      | spaghetti the Demonspawn Transmuter began the quest for the
                  | Orb.
     0 | D:1      | Reached XP level 1. HP: 15/15 MP: 3/3
     0 | D:1      | magus.rc [v1.9.6]
   159 | D:1      | Reached skill level 2 in Transmutations
   290 | D:1      | Reached skill level 2 in Dodging
   294 | D:1      | Gained mutation: You are partially covered in razor-sharp
                  | scales. (AC +1, Slay +1) [demonic ancestry]
   294 | D:1      | Reached XP level 2. HP: 21/21 MP: 3/5
   562 | D:1      | Found a faded altar of an unknown god.
   572 | D:1      | Prayed at the altar of an unknown god.
   572 | D:1      | Became a worshipper of Dithmenos the Shadowed
   572 | D:1      | Reached * piety under Dithmenos
   626 | D:1      | You pick up a book of Pain and begin reading...
   626 | D:1      | You add the spells Pain, Agony and Excruciating Wounds to
                  | your library.
  1028 | D:1      | Gained mutation: Your demonic aura sometimes causes spilled
                  | blood to erupt in flames. [demonic ancestry]
  1028 | D:1      | Reached XP level 3. HP: 26/26 MP: 3/6
  1031 | D:1      | Learned a level 2 spell: Wereblood
  1035 | D:1      | Learned a level 3 spell: Spider Form
  1417 | D:2      | Found Boimaepp's Book Emporium.
  1736 | D:2      | Reached skill level 1 in Stealth
  1738 | D:2      | HP: 4/26 [gnoll/+0 spear (8)]
  1743 | D:2      | Reached XP level 4. HP: 6/32 MP: 5/7
  2113 | D:2      | Reached skill level 1 in Poison Magic
  2290 | D:2      | You pick up a book of Minor Magic and begin reading...
  2290 | D:2      | You add the spells Magic Dart, Call Imp and Mephitic Cloud
                  | to your library.
  2433 | D:3      | Reached skill level 3 in Transmutations
  2585 | D:3      | You pick up a book of Decay and begin reading...
  2585 | D:3      | You add the spells Corpse Rot, Dispel Undead and Death
                  | Channel to your library.
  2680 | D:3      | You pick up a book of Conjurations {@e2} and begin
                  | reading...
  2680 | D:3      | You add the spells Searing Ray and Fulminant Prism to your
                  | library.
  3072 | D:3      | Reached ** piety under Dithmenos
  3378 | D:4      | Found a staircase to the Ecumenical Temple.
  3626 | D:3      | Reached skill level 3 in Dodging
  3626 | D:3      | Reached skill level 1 in Necromancy
  3626 | D:3      | Reached skill level 1 in Invocations
  3626 | D:3      | Gained mutation: Spells you cast may paralyse adjacent
                  | enemies. [demonic ancestry]
  3626 | D:3      | Reached XP level 5. HP: 10/37 MP: 6/8
  3631 | D:3      | Slain by a wight

Vanquished Creatures
  A wight (D:3)
  3 gnolls (D:2)
  3 adders
  4 dart slugs
  An orc (D:4)
  4 bats
  2 endoplasms
  4 giant cockroaches
  4 hobgoblins
  6 kobolds
  5 quokkas
  7 ball pythons
  3 frilled lizards (D:1)
  6 goblins
  2 rats
55 creatures vanquished.

Table legend:
 A = Non-vault XP
 B = Vault XP
 C = Vault XP percentage of total XP
 D = Non-vault monster count
 E = Vault monster count
 F = Vault count percentage of total count
                 A         B        C        D         E       F
            +---------+---------+-------+---------+---------+-------
      Total |     250 |       0 |   0.0 |      55 |       0 |   0.0
            +---------+---------+-------+---------+---------+-------
        D:1 |      42 |       0 |   0.0 |      22 |       0 |   0.0
        D:2 |      70 |       0 |   0.0 |      18 |       0 |   0.0
        D:3 |     122 |       0 |   0.0 |      13 |       0 |   0.0
        D:4 |      16 |       0 |   0.0 |       2 |       0 |   0.0
            +---------+---------+-------+---------+---------+-------

Illustrated notes

Table legend:
 A = Kills in this place as a percentage of kills in entire the game.
 B = Kills by you in this place as a percentage of kills by you in the entire game.
 C = Kills by friends in this place as a percentage of kills by friends in the entire game.
 D = Other kills in this place as a percentage of other kills in the entire game.
 E = Experience gained in this place as a percentage of experience gained in the entire game.
 F = Experience gained in this place divided by the number of levels of this place that you have seen.
                   A       B       C       D       E      F
               +-------+-------+-------+-------+-------+----------------------
         Total | 100.0 | 100.0 |   N/A |   N/A | 100.0 |  62.5
       Dungeon | 100.0 | 100.0 |   N/A |   N/A | 100.0 |  62.5
               +-------+-------+-------+-------+-------+----------------------

Table legend: (Time is in decaauts)
 A = Elapsed time spent in this place.
 B = Non-inter-level travel time spent in this place.
 C = Inter-level travel time spent in this place.
 D = Time resting spent in this place.
 E = Time spent auto-exploring this place.
 F = Levels seen in this place.
 G = Mean time per level.
                   A        B        C        D        E       F      G
               +--------+--------+--------+--------+--------+-----+--------+
         Total |   3649 |   3536 |    113 |    308 |   2730 |   4 |  912.2 |
       Dungeon |   3649 |   3536 |    113 |    308 |   2730 |   4 |  912.2 |
               +--------+--------+--------+--------+--------+-----+--------+

Top non-repeatable levels by time:
     D:2: 1244 daAuts
     D:1: 1191 daAuts
     D:3: 1010 daAuts
     D:4: 203 daAuts
